AoeStats
← SeemsFishy

Nomad

509890770Analyzed
4v4 RM · 2d ago on Sep 28, 2026· 45m 39s· 8 players
Game mode
Random Map
Map size
231×231
Population
200
Speed
Normal
Resources
Standard
Victory
Conquest
Starting age
Dark Age
Ending age
Imperial Age
RankedLock teamsTeams togetherTeam positionsShared explorationLock speedFull tech treeHidden civsTurbo modeCheats
Victory
Defeat
🇭🇰 Spanish · Hong Kong SAR China
1501
+11
🇨🇳 Berbers · China
1470
+12
🇨🇳 Persians · China
1384
+15
🇬🇧 Vietnamese · United Kingdom
1381
+16
🇹🇼 Saxons · Taiwan
1592
-21
🇹🇼 Varangians · Taiwan
1533
-19
🇹🇼 Persians · Taiwan
1272
-9
🇹🇼 Danes · Taiwan
1110
-5
freedom is not free
5:00 Loom
13:15 Feudal Age
13:54 Fishing Lines
14:24 Town Watch
16:08 Fletching
17:20 Wheelbarrow
20:10 Castle Age
18:27 Gold Mining
18:51 Double-Bit Axe
21:30 Medium Warships
21:13 Gillnets
21:42 Bow Saw
21:59 Town Patrol
22:27 Bodkin Arrow
24:31 Hand Cart
25:23 Clinker Construction
25:22 Horse Collar
26:58 Careening
27:12 Heavy Plow
28:43 Stone Mining
29:20 Siphons
30:44 Treadmill Crane
31:15 Masonry
32:39 Ballistics
35:06 Imperial Age
33:27 Murder Holes
33:41 Padded Archer Armor
35:39 Kasbah
35:56 Bracer
37:41 Chemistry
38:24 Conscription
41:37 Caravan
46:24 Leather Archer Armor
SeemsFishy
3:48 Loom
13:14 Feudal Age
17:33 Castle Age
15:48 Fletching
18:23 Double-Bit Axe
19:01 Bodkin Arrow
23:41 Padded Archer Armor
25:23 Leather Archer Armor
30:08 Bow Saw
31:08 Town Watch
32:16 Horse Collar
40:07 Imperial Age
38:29 Scale Mail Armor
40:18 Crossbowman
42:19 Two-Man Saw
41:27 Heavy Plow
113152737
5:23 Loom
15:06 Feudal Age
19:09 Castle Age
18:35 Double-Bit Axe
20:59 Fishing Lines
22:20 Gillnets
22:51 Padded Archer Armor
24:57 Bow Saw
25:41 Bloodlines
27:03 Leather Archer Armor
30:22 Gold Mining
31:32 Fletching
34:42 Imperial Age
33:38 Bodkin Arrow
33:35 Stone Mining
35:04 Wheelbarrow
36:31 Two-Man Saw
35:50 Horse Collar
39:17 Ring Archer Armor
39:32 Hand Cart
39:26 Bracer
40:29 Conscription
40:16 Capped Ram
42:27 Cavalier
44:32 Scale Barding Armor
44:38 Forging
44:17 Paladin
45:32 Heavy Plow
秦墨子
3:57 Loom
13:40 Feudal Age
17:58 Castle Age
15:58 Double-Bit Axe
16:31 Gold Mining
16:24 Horse Collar
17:33 Wheelbarrow
16:54 Fletching
17:04 Padded Archer Armor
18:48 Bow Saw
18:53 Bodkin Arrow
19:14 Leather Archer Armor
18:27 Crossbowman
20:14 Thumb Ring
21:02 Town Watch
32:27 Ballistics
42:18 Masonry
42:03 Murder Holes
43:42 Hand Cart
44:16 Town Patrol
45:05 Heavy Plow
45:42 Gold Shaft Mining
45:01 Stone Mining
48:49 Imperial Age
yi
10:25 Loom
15:22 Feudal Age
26:58 Castle Age
25:56 Double-Bit Axe
26:27 Horse Collar
28:15 Scale Mail Armor
32:04 Fletching
44:27 Town Watch
Junyou
13:26 Feudal Age
12:56 Loom
17:05 Castle Age
16:35 Double-Bit Axe
17:41 Fletching
18:07 Bow Saw
19:40 Bodkin Arrow
22:15 Ballistics
22:05 Padded Archer Armor
24:37 Town Watch
25:43 Leather Archer Armor
26:14 Wheelbarrow
28:38 Bloodlines
36:29 Husbandry
41:16 Imperial Age
38:26 Elite Skirmisher
40:55 Hand Cart
41:17 Stone Mining
41:24 Gold Mining
42:48 Bracer
45:45 Ring Archer Armor
橋本真也
4:18 Loom
14:02 Feudal Age
19:14 Castle Age
17:49 Scale Barding Armor
17:55 Forging
18:46 Double-Bit Axe
18:49 Horse Collar
21:55 Chain Barding Armor
25:53 Bow Saw
27:08 Wheelbarrow
27:11 Bloodlines
34:25 Gold Mining
34:41 Heavy Plow
36:45 Hand Cart
43:01 Imperial Age
41:43 Iron Casting
44:18 Plate Barding Armor
43:31 Cavalier
白毛
4:54 Loom
14:00 Feudal Age
17:47 Castle Age
18:40 Medium Warships
18:37 Double-Bit Axe
28:26 Horse Collar
33:35 Wheelbarrow
39:02 Imperial Age
38:53 Ballistics
40:43 Stone Mining
40:43 Gold Mining
Connection lost

Rejoining the realm…

Still unreachable

The connection could not be restored.

Session expired

The server has moved on; the page needs a fresh start.